 Dungeon Crawl Stone Soup version 0.29-a0-284-gf9362112df (webtiles) character file.

Game seed: 2249612019659733597

3217 spaghetti the Fighter (level 9, -14/145 HPs)
             Began as an Ogre Berserker on Mar 20, 2022.
             Was a Believer of Trog.
             Demolished by a two-headed ogre
             ... wielding a +0 giant club
              (22 damage)
             ... on level 9 of the Dungeon.
             The game lasted 00:16:16 (9980 turns).

spaghetti the Fighter (Ogre Berserker)              Turns: 9980, Time: 00:16:17

Health: -14/145    AC: 24    Str: 23    XL:     9   Next: 97%
Magic:  0/9        EV:  1    Int:  8    God:    Trog [**....]
Gold:   447        SH:  0    Dex: 12    Spells: 8/8 levels left

rFire   + . .      SeeInvis .   a - +1 falchion (protect) {long}
rCold   + . .      Faith    .   (no shield)
rNeg    . . .      Spirit   +   (body armour currently unavailable)
rPois   +          Reflect  .   (helmet currently unavailable)
rElec   +          Harm     .   (cloak currently unavailable)
rCorr   +          Rampage  .   (gloves unavailable)
Will    .....      NoTele   +   (boots unavailable)
Stlth   +.........              j - amulet of guardian spirit
HPRegen 0.34/turn               t - +4 ring of evasion
MPRegen 0.11/turn               (no ring)

@: mighty, tree-form, resistant, on berserk cooldown, slowed, unable to read,
very slow
A: stationary, stasis, torment immunity, boosted hp, large, unfitting armour,
(tough skin 1), inability to read while threatened
a: Renounce Religion, Berserk, Trog's Hand


You were on level 9 of the Dungeon.
You worshipped Trog.
Trog was pleased with you.
You were a tree.
You visited 1 branch of the dungeon, and saw 9 of its levels.

You collected 447 gold pieces.


Innate Abilities, Weirdness & Mutations

You are a tree.
Your roots penetrate the ground, keeping you stationary.
You cannot be teleported.
You are immune to unholy pain and torment.
Your maximum health is greatly increased.
Your equipment is partially melded.
You are too large for most types of armour.
((You have tough skin. (AC +1)))
You sometimes lose the ability to read scrolls when taking damage.


   Skills:
 - Level 8.8 Fighting
 - Level 2.6 Long Blades
 + Level 7.3 Maces & Flails
 - Level 8.6 Dodging
 - Level 2.0 Evocations


You had 8 spell levels left.
You didn't know any spells.
Your spell library contained the following spells:

 Spells                   Type           Power      Damage    Failure   Level
 Animate Skeleton         Necr           0%         N/A       41%         1
 Pain                     Necr           0%         1d4       41%         1
 Slow                     Hex            0%         N/A       41%         1
 Confusing Touch          Hex            0%         N/A       78%         3
 Vampiric Draining        Necr           0%         2d6       78%         3
 Summon Forest            Summ/Tloc      0%         N/A       100%        5
 Summon Mana Viper        Hex/Summ       0%         N/A       100%        5
 Eringya's Noxious Bog    Tmut/Pois      0%         N/A       100%        6
 Summon Cactus Giant      Summ           0%         N/A       100%        6
 Summon Hydra             Summ           0%         N/A       100%        7

Inventory:

Hand Weapons
 a - a +1 falchion of protection (weapon) {long}
 x - a +1 falchion of distortion {!wlong}
   (You found it on level 7 of the Dungeon)
 A - a +3 flail {mace}
   (You took it off a gnoll on level 6 of the Dungeon)
 B - a +2 falchion of holy wrath {long}
   (You found it on level 8 of the Dungeon)
 E - a +0 broad axe {axe}
   (You found it on level 8 of the Dungeon)
Missiles
 d - 2 javelins {throwing}
 g - 165 stones (quivered) {throwing}
 s - 28 poisoned darts {throwing}
 w - 11 boomerangs {throwing}
 z - 2 throwing nets {=f!fthrowing}
Armour
 b - a +0 animal skin
 F - +0 steam dragon scales (melded)
   (You found it on level 8 of the Dungeon)
Jewellery
 j - an amulet of guardian spirit (around neck)
   (You found it on level 2 of the Dungeon)
 t - a +4 ring of evasion (left branch)
   (You found it on level 4 of the Dungeon)
Wands
 h - a wand of flame (41)
   (You found it on level 6 of the Dungeon)
 p - a wand of charming (18)
   (You found it on level 4 of the Dungeon)
 v - a wand of acid (1)
   (You found it on level 6 of the Dungeon)
Scrolls
 o - a scroll of magic mapping {!r}
 y - a scroll of amnesia
 C - 2 scrolls of identify {@r1}
 D - a scroll of teleportation {@r4}
Potions
 c - 2 potions of degeneration {!q@e2}
 e - 3 potions of attraction {!q}
 f - 4 potions of curing {@q1}
 k - a potion of magic
 l - 4 potions of flight
 m - 2 potions of mutation {!q}
 n - a potion of might
 q - 2 potions of berserk rage {!q}
 r - 2 potions of brilliance
 u - 2 potions of resistance

Dungeon Overview and Level Annotations

Branches:
Dungeon (9/15)             Temple (0/1) D:5
   Lair: D:8-11         Orc: D:9-12

Altars:
Ashenzari
Hepliaklqana

Shops:
D:5 *:

Annotations:
D:3 3 runed translucent doors, damiac's ghost, amateur NaTm

### #.# ######.# #.O....#
######.####.# #....#.#
#O#### #.#....# #.#..
####.#..######.#O#
.....#O........#♣#####...
.................)...>...
###...................###
###....#.#.#..#####...#
.##....#.#.#.. ...#
.##.#### #.... .... #.
..#.# ####. ..##. ..
#.#.# #. .. #. ..# <.. .#


You could see a two-headed ogre.


Message History

You feel yourself moving faster!
You feel mighty! 😎 HP[+48]
You now have 145 max hp (+48).
Your hp is fully restored (145).
You slash the two-headed ogre!
Your weapon exudes an aura of protection.
You hit the two-headed ogre. The two-headed ogre barely misses you.
The two-headed ogre misses you.
A two-headed ogre comes into view.
It is wielding a +0 giant club and a +0 giant spiked club.
You barely miss the two-headed ogre.
The two-headed ogre hits you with a +0 giant spiked club!!
The two-headed ogre hits you with a +0 giant spiked club! 😕 HP[-30] MP[-2]
You take 30 damage, and now have 115/145 hp.
MASSIVE DAMAGE!! (PAUSE)
You lost 2 mp, and now have 7/9 mp.
You hit the two-headed ogre.
The two-headed ogre hits you with a +0 giant club!!
You feel threatened and lose the ability to read scrolls!
The two-headed ogre barely misses you. 😮 HP[-17] MP[-1]
You take 17 damage, and now have 98/145 hp.
You lost 1 mp, and now have 6/9 mp.
Unknown command.
You hit the two-headed ogre.
The two-headed ogre completely misses you.
The two-headed ogre hits you with a +0 giant spiked club! 😮 HP[-14] MP[-1]
You take 14 damage, and now have 84/145 hp.
You lost 1 mp, and now have 5/9 mp.
You slash the two-headed ogre! The two-headed ogre misses you.
The two-headed ogre completely misses you. 😮 HP[+1]
You barely miss the two-headed ogre. The two-headed ogre closely misses you.
The two-headed ogre misses you.
You slash the two-headed ogre! The two-headed ogre closely misses you.
The two-headed ogre hits you with a +0 giant spiked club!!
* * * LOW HITPOINT WARNING * * *
😨 HP[-26] MP[-1]
You take 26 damage, and now have 59/145 hp.
You lost 1 mp, and now have 4/9 mp.
Unknown command.
You slash the two-headed ogre!
You kill the two-headed ogre!
Trog accepts your kill.
Your Maces & Flails skill gained 2 levels and is now at level 7!
You barely miss the two-headed ogre.
The two-headed ogre hits you with a +0 giant club!
* * * LOW HITPOINT WARNING * * *
The two-headed ogre misses you. 😨 HP[-10]
You take 10 damage, and now have 49/145 hp.
You slash the two-headed ogre! You hit the two-headed ogre.
Your punch misses the two-headed ogre. The two-headed ogre barely misses you.
The two-headed ogre hits you with a +0 giant spiked club!
* * * LOW HITPOINT WARNING * * *
😱 HP[-14] MP[-1]
You take 14 damage, and now have 35/145 hp.
You lost 1 mp, and now have 3/9 mp.
You barely miss the two-headed ogre.
You are no longer berserk.
You are exhausted.
You feel yourself slow down. The two-headed ogre barely misses you.
The two-headed ogre hits you with a +0 giant spiked club!!
* * * LOW HITPOINT WARNING * * *
😱 HP[-28] MP[-2]
You now have 97 max hp (-48).
You lost 2 mp, and now have 1/9 mp.
You cannot read scrolls in your current state!
Unknown command.
Really quaff
i - a potion of lignification {!q}?
Really quaff the potion of lignification?
You turn into a tree.
Your +0 steam dragon scales melds into your body.
Your roots penetrate the ground.
The two-headed ogre hits you but does no damage. x2 😱 HP[+4] MP[+1]
You now have 145 max hp (+48).
You regained 4 hp, and now have 11/145 hp.
You feel very mighty all of a sudden.
The two-headed ogre hits you but does no damage. x2
You hit the two-headed ogre.
The two-headed ogre hits you with a +0 giant club.
* * * LOW HITPOINT WARNING * * *
The two-headed ogre hits you with a +0 giant spiked club.
* * * LOW HITPOINT WARNING * * *
😱 HP[-1] MP[-1]
You take 1 damage, and now have 10/145 hp.
You lost 1 mp, and now have 1/9 mp.
You barely miss the two-headed ogre.
The two-headed ogre hits you but does no damage. x2
Okay, then.
You cannot read scrolls in your current state!
Unknown command.
It was a potion of resistance.
You feel protected.
The two-headed ogre hits you with a +0 giant club.
* * * LOW HITPOINT WARNING * * *
The two-headed ogre hits you with a +0 giant spiked club!!
You die...

Skill      XL: |  1  2  3  4  5  6  7  8  9 |
---------------+----------------------------+-----
Fighting       | 5 6 7 8 |  8.8
Evocations     | 1 2 |  2.0
Dodging        | 3 5 8 |  8.6
Maces & Flails | 1 7 |  7.3
Long Blades    | |  2.6

Action                   |  1- 3 |  4- 6 |  7- 9 || total
-------------------------+-------+-------+-------++-------
Melee: Falchion          |    97 |   198 |   513 ||   808
       Punch             |       |     3 |    13 ||    16
Throw: Stone             |     1 |     6 |    78 ||    85
Invok: Berserk           |     3 |     6 |    14 ||    23
       Trog's Hand       |       |       |     7 ||     7
Evoke: Wand              |       |     2 |     8 ||    10
  Use: Scroll            |     5 |     6 |     7 ||    18
       Potion            |       |     1 |    10 ||    11
 Stab: Sleeping          |       |       |     1 ||     1
Armor: Animal skin       |    45 |    80 |   123 ||   248
       Skin              |       |       |    72 ||    72
       Steam dragon scal |       |       |     7 ||     7
Dodge: Dodged            |    60 |   143 |   463 ||   666

Levels and vault maps discovered:
D:1:      arrival_zaba_pyramid, layout_rooms,
          dreamdust_ecumenical_altar_drowned_temple
D:2:      cheibrodos_fertilizer, layout_rooms, minmay_tetromino_s4
D:3:      layout_basic, gammafunk_ghost_split, uniq_jessica
D:4:      layout_basic
D:5:      layout_loops_ring, nicolae_ashenzari_skybound,
          minmay_temple_entry_slanted, serial_shops, shop,
          nicolae_shop_self_help
D:6:      layout_loops_ring, nicolae_ossuary_entry_catacombs
D:7:      layout_cave_pods
D:8:      layout_basic, st_stairs_6
D:9:      lemuel_troll_bridge, layout_basic, lemuel_crystal_altar,
          grunt_temple_overflow_open, serial_shops, shop_fountains, hex_medium

Notes
Turn   | Place    | Note
-------+----------+-------------------------------------------
     0 | D:1      | spaghetti the Ogre Berserker began the quest for the Orb.
     0 | D:1      | Reached XP level 1. HP: 24/24 MP: 1/1
     0 | D:1      | magus.rc [v1.9.6]
    81 | D:1      | Reached XP level 2. HP: 15/33 MP: 2/2
   342 | D:1      | Reached skill level 5 in Fighting
   711 | D:2      | Reached XP level 3. HP: 37/42 MP: 3/3
   991 | D:2      | Reached ** piety under Trog
  1227 | D:2      | Reached skill level 1 in Evocations
  1285 | D:2      | Reached XP level 4. HP: 52/52 MP: 4/4
  1288 | D:2      | Reached skill level 6 in Fighting
  1355 | D:2      | Reached XP level 5. HP: 19/61 MP: 3/5
  1363 | D:2      | Reached skill level 2 in Evocations
  1569 | D:2      | Reached skill level 7 in Fighting
  1968 | D:3      | Noticed damiac's ghost (amateur NaTm)
  2044 | D:3      | Found a runed translucent gate.
  2044 | D:3      | Found a runed translucent gate.
  2044 | D:3      | Found a runed translucent gate.
  2052 | D:3      | Noticed Jessica
  2058 | D:3      | Killed Jessica
  2331 | D:3      | Reached XP level 6. HP: 72/72 MP: 6/6
  2656 | D:4      | Reached skill level 8 in Fighting
  3095 | D:4      | Reached *** piety under Trog
  3555 | D:5      | Entered Level 5 of the Dungeon
  3649 | D:5      | Reached skill level 3 in Dodging
  3649 | D:5      | Noticed a sky beast
  3659 | D:5      | Found Ekein's Self-Improvement Boutique.
  3712 | D:5      | Reached XP level 7. HP: 25/81 MP: 4/7
  3822 | D:5      | Reached skill level 4 in Dodging
  3988 | D:5      | Found a staircase to the Ecumenical Temple.
  4039 | D:5      | Reached skill level 5 in Dodging
  4307 | D:6      | Gained mutation: You sometimes lose the ability to read
                  | scrolls when taking damage. [potion of mutation]
  4337 | D:6      | HP: 19/81 [kobold/+0 club (4)]
  4342 | D:6      | HP: 14/121 [orc/+0 short sword (5)]
  4354 | D:6      | Reached XP level 8. HP: 29/91 MP: 4/8
  4356 | D:6      | HP: 29/136 [gnoll/+3 flail (1)]
  4376 | D:6      | Reached skill level 6 in Dodging
  4980 | D:6      | You fall into a shaft and drop 3 floors!
  4996 | D:9      | Found a hazy altar of Hepliaklqana.
  5007 | D:9      | Noticed a two-headed ogre
  5043 | D:8      | Noticed a hornet
  5051 | D:8      | Paralysed by a hornet for 3 turns
  5055 | D:8      | Killed a hornet
  5056 | D:8      | Reached skill level 7 in Dodging
  5267 | D:8      | You add the spells Summon Forest, Eringya's Noxious Bog and
                  | Summon Hydra to your library.
  5273 | D:8      | Noticed a wyvern
  5309 | D:7      | HP: 22/91 [gnoll/+1 spear of flaming (1)]
  5723 | D:6      | Reached skill level 8 in Dodging
  6289 | D:5      | Found a broken altar of Ashenzari.
  6501 | D:5      | Found Eluy's General Store.
  6621 | D:7      | You pick up a book of Necromancy {forbidden} and begin
                  | reading...
  6621 | D:7      | You add the spells Pain, Animate Skeleton and Vampiric
                  | Draining to your library.
  6668 | D:7      | Reached skill level 1 in Maces & Flails
  6668 | D:7      | Reached XP level 9. HP: 97/97 MP: 9/9
  6878 | D:7      | Reached skill level 2 in Maces & Flails
  7611 | D:8      | Reached skill level 3 in Maces & Flails
  8334 | D:7      | Reached skill level 4 in Maces & Flails
  8438 | D:8      | You pick up a book of the Wilderness {forbidden} and begin
                  | reading...
  8438 | D:8      | You add the spells Summon Mana Viper and Summon Cactus
                  | Giant to your library.
  8639 | D:8      | HP: 20/97 [wyvern (11)]
  8941 | D:8      | Reached skill level 5 in Maces & Flails
  9398 | D:8      | You pick up a book of Debilitation {forbidden} and begin
                  | reading...
  9398 | D:8      | You add the spells Slow and Confusing Touch to your
                  | library.
  9964 | D:9      | Noticed a two-headed ogre
  9971 | D:9      | Killed a two-headed ogre
  9972 | D:9      | Reached skill level 7 in Maces & Flails
  9974 | D:9      | HP: 35/145 [two-headed ogre/+0 giant club (14)]
  9975 | D:9      | HP: 7/97 [two-headed ogre/+0 giant club (17)]
  9980 | D:9      | HP: 8/145 [two-headed ogre/+0 giant club (3)]
  9980 | D:9      | Demolished by a two-headed ogre

Vanquished Creatures
  A two-headed ogre (D:9)
  A hornet (D:8)
  2 wyverns
  A steam dragon (D:8)
  An orc warrior (D:8)
  An ice beast (D:6)
  A sky beast (D:5)
  A black bear (D:6)
  A centaur (D:6)
  A phantom (D:4)
  3 kobold brigands
  An elf zombie (D:6)
  A necrophage (D:5)
  2 gnoll sergeants
  2 scorpions (D:7)
  2 human zombies (D:6)
  2 hounds (D:6)
  2 orc priests (D:8)
  A gnoll shaman (D:6)
  A human skeleton (D:6)
  4 jellies
  Jessica (D:3)
  An iguana (D:4)
  2 orc wizards
  18 gnolls
  7 adders
  A shadow imp (D:7)
  A white imp (D:6)
  2 ufetubi
  4 dart slugs
  A worm (D:3)
  20 orcs
  13 endoplasms
  A giant cockroach (D:3)
  5 goblins
  5 hobgoblins
  12 jackals
  2 quokkas
  5 ball pythons
  2 bats
  5 frilled lizards (D:1)
  31 kobolds
  An orc skeleton (D:6)
  An orc zombie (D:6)
  4 rats
177 creatures vanquished.

Vanquished Creatures (collateral kills)
  An orc wizard (D:8)
  2 orcs (D:8)
3 creatures vanquished.

Vanquished Creatures (others)
  An orc warrior (D:8)
  7 fungi (D:2)
  6 toadstools (D:2)
14 creatures vanquished.

Grand Total: 194 creatures vanquished

Table legend:
 A = Non-vault XP
 B = Vault XP
 C = Vault XP percentage of total XP
 D = Non-vault monster count
 E = Vault monster count
 F = Vault count percentage of total count
                 A         B        C        D         E       F
            +---------+---------+-------+---------+---------+-------
      Total |    3916 |     681 |  14.8 |     154 |      27 |  14.9
            +---------+---------+-------+---------+---------+-------
        D:1 |      31 |       0 |   0.0 |      20 |       0 |   0.0
        D:2 |      57 |     154 |  73.0 |      16 |      19 |  54.3
        D:3 |      53 |      37 |  41.1 |      15 |       1 |   6.2
        D:4 |     184 |       0 |   0.0 |      11 |       0 |   0.0
        D:5 |     464 |       0 |   0.0 |      23 |       0 |   0.0
        D:6 |     724 |     225 |  23.7 |      25 |       6 |  19.4
        D:7 |     788 |       0 |   0.0 |      22 |       0 |   0.0
        D:8 |     805 |     265 |  24.8 |      21 |       1 |   4.5
        D:9 |     810 |       0 |   0.0 |       1 |       0 |   0.0
            +---------+---------+-------+---------+---------+-------

Illustrated notes

Table legend:
 A = Kills in this place as a percentage of kills in entire the game.
 B = Kills by you in this place as a percentage of kills by you in the entire game.
 C = Kills by friends in this place as a percentage of kills by friends in the entire game.
 D = Other kills in this place as a percentage of other kills in the entire game.
 E = Experience gained in this place as a percentage of experience gained in the entire game.
 F = Experience gained in this place divided by the number of levels of this place that you have seen.
                   A       B       C       D       E      F
               +-------+-------+-------+-------+-------+----------------------
         Total | 100.0 | 100.0 | 100.0 | 100.0 | 100.0 | 510.8
       Dungeon | 100.0 | 100.0 | 100.0 | 100.0 | 100.0 | 510.8
               +-------+-------+-------+-------+-------+----------------------

Table legend: (Time is in decaauts)
 A = Elapsed time spent in this place.
 B = Non-inter-level travel time spent in this place.
 C = Inter-level travel time spent in this place.
 D = Time resting spent in this place.
 E = Time spent auto-exploring this place.
 F = Levels seen in this place.
 G = Mean time per level.
                   A        B        C        D        E       F      G
               +--------+--------+--------+--------+--------+-----+--------+
         Total |  10306 |   9835 |    471 |   2162 |   5824 |   9 | 1145.1 |
       Dungeon |  10306 |   9835 |    471 |   2162 |   5824 |   9 | 1145.1 |
               +--------+--------+--------+--------+--------+-----+--------+

Top non-repeatable levels by time:
     D:8: 2063 daAuts
     D:7: 1861 daAuts
     D:6: 1607 daAuts
     D:2: 1246 daAuts
     D:5: 1032 daAuts
     D:4: 920 daAuts
     D:3: 824 daAuts
     D:1: 665 daAuts
     D:9: 84 daAuts
